 Dungeon Crawl Stone Soup version 0.25-a0-424-g80bd347ae0 (webtiles) character file.

Game seed: 10580699522623069992, levelgen mode: deterministic

998 kae the Frost Mage (level 8, 0/57 HPs)
             Began as a Merfolk Ice Elementalist on Jan 22, 2020.
             Slain by Grinder (5 damage)
             ... on level 5 of the Dungeon.
             The game lasted 00:09:14 (4926 turns).

kae the Frost Mage (Merfolk Ice Elementalist)       Turns: 4926, Time: 00:09:14

Health: 0/57       AC:  9    Str:  9 (12) XL:     8   Next: 19%
Magic:  13/13      EV: 12    Int: 12 (15) God:
Gold:   167        SH:  0    Dex: 11 (14) Spells: 9/13 levels left

rFire    . . .     SeeInvis .   g - +1 spear
rCold    . . .     Gourm    .   (no shield)
rNeg     . . .     Faith    .   a - +0 robe
rPois    .         Spirit   .   (helmet restricted)
rElec    .         Reflect  .   r - +1 cloak
rCorr    .         Harm     .   (no gloves)
MR       .....                  (no boots)
Stlth    ++........             q - amulet of regeneration
HPRegen  0.59/turn              (no ring)
MPRegen  0.13/turn              (no ring)

@: icy armour
A: change form in water, swift swim, stealthy swim, antennae 1, blink, high mp
1, robust 1, strong 1
a: Blink


You were on level 5 of the Dungeon.
You were very hungry.

You visited 1 branch of the dungeon, and saw 5 of its levels.

You collected 230 gold pieces.
You spent 63 gold pieces at shops.

Inventory:

Hand Weapons
 b - a +0 whip
 g - a +1 spear (weapon)
 t - a +0 bardiche
Armour
 a - a +0 robe (worn)
 d - a +1 helmet
 r - a +1 cloak (worn)
Jewellery
 f - a +4 amulet of reflection {unknown}
 j - a cursed ring of teleportation
 q - an amulet of regeneration (around neck)
Scrolls
 k - a scroll of enchant armour
 s - a scroll of remove curse
Potions
 i - 2 potions of curing
 l - 2 potions of flight
 m - 2 potions of magic
Comestibles
 c - 8 rations


   Skills:
 + Level 6.9 Polearms
 - Level 2.6 Dodging
 - Level 2.1 Stealth
 - Level 3.0 Spellcasting
 * Level 9.2 Ice Magic


You had 9 spell levels left.
You knew the following spells:

 Your Spells              Type           Power        Failure   Level  Hunger
a - Freeze                Ice            ###.         1%          1    #......
b - Ozocubu's Armour      Chrm/Ice       ##......     11%         3    ###....

Your spell library contained the following spells:

 Spells                   Type           Power        Failure   Level  Hunger
 Ensorcelled Hibernation  Hex/Ice        ##....       5%          2    ###....
 Corona                   Hex            #......      24%         1    #......
 Hailstorm                Conj/Ice       ##......     36%         4    #####..
 Summon Ice Beast         Ice/Summ       ##......     36%         4    #####..
 Confusing Touch          Hex            #.......     58%         3    ###....
 Dazzling Flash           Conj/Hex       #.....       58%         3    ###....
 Tukima's Dance           Hex            #.......     58%         3    ###....


Dungeon Overview and Level Annotations

Branches:
Dungeon (5/15)
 Temple: D:4-7

Altars:

Shops:
D:4 [   D:5 }=[=

Annotations:
D:5 Grinder


Innate Abilities, Weirdness & Mutations

You revert to your normal form in water.
You are very nimble and swift while swimming.
You are very stealthy in the water. (Stealth+)
You have a pair of small antennae on your head.
You can translocate small distances at will.
You have an increased reservoir of magic. (+10% MP)
You are robust. (+10% HP)
Your muscles are strong. (Str +2)


Message History

Aim: Grinder (almost dead)
You barely miss Grinder.
Grinder is almost dead.
Grinder hits you.
* * * LOW HITPOINT WARNING * * *
Attack whom?
Press: ? - help, Dir - move target cursor, f/p - Grinder
Aim: Grinder (almost dead)
You hit Grinder but do no damage.
Grinder is almost dead.
Attack whom?
Press: ? - help, Dir - move target cursor, f/p - Grinder
Aim: Grinder (almost dead)
You hit Grinder.
Grinder is almost dead.
Grinder says, "You look like you could use a good racking."
Grinder hits you.
* * * LOW HITPOINT WARNING * * *
You writhe in agony.
You die...

#.#.........##...........#.#
#...###.....##..............
#...)^......##.......####.#.
#....................# ##...
#....................###..##
#...........#...####......#
#...........###.## #......#
#......####.# #[.# #...#..##
#......# #@# ##.####..##...
#......####5## #..# ######..
#.###........####.# ###
#......####.....#.########..
##....#.#................รท...
#........<....###.%..#######.
###.....###....#####..5.5......
#..............................
###..##...###....######........##


You could see Grinder.

Vanquished Creatures
  An ice beast (D:4)
  An ogre (D:5)
  2 phantoms (D:5)
  Blork the orc (D:5)
  2 scorpions (D:4)
  A bullfrog zombie (D:5)
  2 jellies (D:5)
  Crazy Yiuf (D:4)
  An iguana (D:5)
  2 orc priests
  An orc wizard (D:2)
  A worker ant (D:4)
  A hound skeleton (D:5)
  7 adders
  2 oozes
  An adder zombie (D:5)
  5 worms
  A dart slug (D:2)
  3 leopard geckos
  16 orcs
  4 giant cockroaches
  8 goblins
  10 hobgoblins
  13 jackals
  9 kobolds
  2 quokkas
  A ball python (D:4)
  3 bats
  7 frilled lizards
  9 rats
  A plant (D:1)
119 creatures vanquished.

Notes
Turn   | Place    | Note
-------+----------+-------------------------------------------
     0 | D:1      | kae the Merfolk Ice Elementalist began the quest for the
                  | Orb.
     0 | D:1      | Reached XP level 1. HP: 13/13 MP: 3/3
   412 | D:1      | Reached XP level 2. HP: 19/19 MP: 0/5
   846 | D:1      | Reached skill level 5 in Ice Magic
  1150 | D:2      | Reached XP level 3. HP: 19/24 MP: 2/6
  1156 | D:2      | Reached skill level 1 in Polearms
  1201 | D:2      | Gained mutation: You expend magic power (3 MP) to
                  | strengthen your wands. [potion of mutation]
  1201 | D:2      | Gained mutation: Armour fits poorly on your strangely
                  | shaped body. [potion of mutation]
  1201 | D:2      | Gained mutation: You are partially covered in slimy green
                  | scales. (AC +2) [potion of mutation]
  1201 | D:2      | Gained mutation: You have an increased reservoir of magic.
                  | (+10% MP) [potion of mutation]
  1540 | D:2      | Reached XP level 4. HP: 30/30 MP: 5/8
  2045 | D:2      | Reached XP level 5. HP: 32/35 MP: 5/10
  2424 | D:3      | Reached skill level 6 in Ice Magic
  2905 | D:4      | Found Maikuum's Armour Boutique.
  2936 | D:4      | Reached XP level 6. HP: 33/41 MP: 6/11
  3022 | D:4      | Noticed an ice beast
  3040 | D:4      | Killed an ice beast
  3040 | D:4      | Reached skill level 7 in Ice Magic
  3087 | D:4      | Reached XP level 7. HP: 46/46 MP: 9/12
  3362 | D:4      | Found a runed translucent door.
  3363 | D:4      | Noticed Crazy Yiuf
  3372 | D:4      | Killed Crazy Yiuf
  3372 | D:4      | Reached skill level 5 in Polearms
  3592 | D:5      | Entered Level 5 of the Dungeon
  3735 | D:5      | Reached skill level 8 in Ice Magic
  3768 | D:5      | Learned a level 3 spell: Ozocubu's Armour
  3890 | D:5      | Noticed Blork the orc
  3908 | D:5      | Noticed Grinder
  3910 | D:5      | Paralysed by Grinder for 2 turns
  3921 | D:5      | Found Nacyng's Jewellery Shop.
  3921 | D:5      | Found Rajong's Jewellery Shop.
  3921 | D:5      | Found Quorood's Armour Shop.
  3921 | D:5      | Found Uxavoove's Gadget Shop.
  3981 | D:5      | Bought a cursed ring of teleportation for 63 gold pieces
  4241 | D:5      | Reached XP level 8. HP: 52/52 MP: 10/13
  4370 | D:5      | Reached skill level 9 in Ice Magic
  4494 | D:5      | Killed Blork the orc
  4635 | D:5      | Paralysed by Grinder for 5 turns
  4669 | D:5      | Lost mutation: You expend magic power (3 MP) to strengthen
                  | your wands. [potion of mutation]
  4669 | D:5      | Lost mutation: Armour fits poorly on your strangely shaped
                  | body. [potion of mutation]
  4669 | D:5      | Lost mutation: You are partially covered in slimy green
                  | scales. (AC +2) [potion of mutation]
  4669 | D:5      | Gained mutation: You have a pair of small antennae on your
                  | head. [potion of mutation]
  4669 | D:5      | Gained mutation: You can translocate small distances at
                  | will. [potion of mutation]
  4669 | D:5      | Gained mutation: Your muscles are strong. (Str +2) [potion
                  | of mutation]
  4669 | D:5      | Gained mutation: You are robust. (+10% HP) [potion of
                  | mutation]
  4716 | D:5      | Paralysed by Grinder for 4 turns
  4739 | D:5      | Paralysed by Grinder for 4 turns
  4748 | D:5      | Paralysed by Grinder for 7 turns
  4893 | D:5      | Paralysed by Grinder for 5 turns
  4926 | D:5      | Slain by Grinder

Levels and vault maps discovered:
D:1:      roderic_crop_circles_arrival_large, layout_rooms
D:2:      minmay_razor_zed, layout_rooms
D:3:      layout_basic
D:4:      layout_cave_pools, serial_shops, shop_fountains, first_ration,
          uniq_crazy_yiuf_cottage
D:5:      layout_rooms, minmay_shop_grid_forest, uniq_grinder,
          uniq_blork_the_orc

Skill      XL: |  1  2  3  4  5  6  7  8 |
---------------+-------------------------+-----
Ice Magic      | 5 6 7 8 9 |  9.2
Polearms       | 1 2 3 4 6 |  6.9
Spellcasting   | 3 |  3.0
Dodging        | |  2.6
Stealth        | |  2.1

Action                   |  1- 3 |  4- 6 |  7- 9 || total
-------------------------+-------+-------+-------++-------
Melee: Unarmed           |   223 |       |       ||   223
       Whip              |    18 |       |       ||    18
       Spear             |    52 |    75 |   174 ||   301
 Cast: Freeze            |    39 |    73 |    60 ||   172
       Ozocubu's Armour  |       |       |     4 ||     4
  Use: Scroll            |     4 |     9 |     4 ||    17
       Potion            |     5 |     1 |     6 ||    12
 Stab: Sleeping          |     2 |    12 |     1 ||    15
  Eat: Chunk             |     3 |     6 |     5 ||    14
Armor: Robe              |    29 |    24 |    33 ||    86
Dodge: Dodged            |    77 |    82 |    79 ||   238

Table legend:
 A = Non-vault XP
 B = Vault XP
 C = Vault XP percentage of total XP
 D = Non-vault monster count
 E = Vault monster count
 F = Vault count percentage of total count
                 A         B        C        D         E       F
            +---------+---------+-------+---------+---------+-------
      Total |    1256 |     170 |  11.9 |     106 |      12 |  10.2
            +---------+---------+-------+---------+---------+-------
        D:1 |      30 |       0 |   0.0 |      19 |       0 |   0.0
        D:2 |     123 |      30 |  19.6 |      31 |      10 |  24.4
        D:3 |      70 |       0 |   0.0 |      20 |       0 |   0.0
        D:4 |     379 |      41 |   9.8 |      13 |       1 |   7.1
        D:5 |     654 |      99 |  13.1 |      23 |       1 |   4.2
            +---------+---------+-------+---------+---------+-------
